 Dungeon Crawl Stone Soup version 0.32-a0-656-g3542139ebd (webtiles) character file.

Game seed: 467488035004930244

8046 kae the Carver (level 11, 0/79 HPs)
             Began as a Coglin Gladiator on Mar 8, 2024.
             Was a Priest of Okawaru.
             Slain by a boulder beetle (8 damage)
             ... on level 11 of the Dungeon.
             The game lasted 00:09:55 (10460 turns).

kae the Carver (Coglin Gladiator)                  Turns: 10460, Time: 00:09:55

Health: 0/79       AC: 13    Str: 15    XL:     11   Next: 24%
Magic:  16/16      EV: 14    Int:  7    God:    Okawaru [***...]
Gold:   710        SH:  0    Dex: 23    Spells: 10/10 levels left

rFire   . . .        D - +2 falchion (freeze) {Udjahorresnet}
rCold   . . .        L - +5 falchion {Fernando}
rNeg    . . .        n - +3 ring mail of Hepliaklqana's Regard {Dex+3}
rPois   .            c - +0 helmet
rElec   .            (no cloak)
rCorr   .            (no gloves)
SInv    .            v - +2 pair of boots {Stlth+}
Will    .....        (amulet unavailable)
Stlth   ++           (ring unavailable)
HPRegen 0.33/turn    (ring unavailable)
MPRegen 0.15/turn    (no gizmo)

%: no passive effects
@: revved
A: off-hand wielding, slow wielding, warmup strikes, no jewellery
a: Invent Gizmo, Renounce Religion, Heroism


You were on level 11 of the Dungeon.
You worshipped Okawaru.
Okawaru was most pleased with you.
You visited 2 branches of the dungeon, and saw 12 of its levels.

You collected 710 gold pieces.


Innate Abilities, Weirdness & Mutations

You can wield a second weapon in your off-hand.
It takes a long time for you to wield or remove held weapons.
Your first few attacks do less damage.
You cannot equip rings or amulets.


   Skills:
 + Level 5.0 Fighting
 + Level 13.0 Long Blades
 - Level 1.7 Throwing
 + Level 3.9 Armour
 - Level 5.0 Dodging
 + Level 6.8 Invocations


You had 10 spell levels left.
You didn't know any spells.
Your spell library contained the following spells:

 Spells                   Type           Power      Damage    Failure   Level
 Apportation              Tloc           0%         N/A       65%         1
 Necrotise                Necr           0%         1d4       65%         1
 Shock                    Conj/Air       0%         1d3       65%         1
 Sting                    Conj/Alch      0%         1d3       65%         1
 Scorch                   Fire           0%         2d5       78%         2
 Dazzling Flash           Conj/Hex       0%         N/A       95%         3
 Swiftness                Air            0%         N/A       95%         3
 Volatile Blastmotes      Fire/Tloc      0%         2d10      95%         3
 Airstrike                Air            0%         2d(0-16)  100%        4
 Flame Wave               Conj/Fire      0%         2d4       100%        4
 Starburst                Conj/Fire      0%         6d3       100%        6
 Maxwell's Capacitive Co  Air            0%         ∞         100%        8
 Summon Small Mammal      Summ           Unusable   N/A       N/A         1
 Call Canine Familiar     Summ           Unusable   N/A       N/A         3
 Summon Blazeheart Golem  Fire/Summ      Unusable   N/A       N/A         4
 Summon Cactus Giant      Summ           Unusable   N/A       N/A         6

Inventory:

Hand Weapons
 a - a +1 long sword {Plamen}
 f - a +1 dagger {Walburga}
 D - a +2 falchion of freezing (weapon) {Udjahorresnet}
   (You took it off an orc priest on level 9 of the Dungeon)
 L - a +5 falchion (offhand) {Fernando}
   (You took it off a wight on level 8 of the Dungeon)
Missiles
 d - 3 throwing nets (quivered) {=f!f}
 e - a javelin
 i - 105 stones
 m - 24 poisoned darts
 r - 3 boomerangs
 w - 2 curare-tipped darts {=f}
Armour
 b - a +0 leather armour
 c - a +0 helmet (worn)
 n - the +3 ring mail of Hepliaklqana's Regard (worn) {Dex+3}
   (You found it on level 3 of the Dungeon)

   Dex+3:     It affects your dexterity (+3).
 v - a +2 pair of boots of stealth (worn)
   (You found it on level 2 of the Dungeon)
Magical Staves
 B - a staff of earth {!a}
   (You found it on level 9 of the Dungeon)
Jewellery
 g - an amulet of regeneration
   (You found it on level 8 of the Dungeon)
 k - an amulet of magic regeneration
   (You found it on level 2 of the Dungeon)
 q - the amulet "Zajyheas" {Will++ RegenMP+}
   (You found it on level 2 of the Dungeon)

   [amulet of magic regeneration]

   It increases your rate of magic regeneration.
   Will++:    It greatly increases your willpower.
   RegenMP+:  It increases your rate of magic regeneration.
 E - a +5 ring of evasion
   (You found it on level 6 of the Dungeon)
 F - a ring of protection from fire
   (You found it on level 3 of the Dungeon)
 N - a ring of positive energy
   (You found it on level 2 of the Dungeon)
 R - a ring of resist corrosion
   (You found it on level 1 of the Dungeon)
 W - a ring of magical power
   (You found it on level 1 of the Dungeon)
 Z - a ring of wizardry
   (You found it on level 8 of the Dungeon)
Wands
 G - a wand of iceblast (6)
   (You took it off a kobold on level 9 of the Dungeon)
 K - a wand of polymorph (8)
   (You took it off a kobold on level 9 of the Dungeon)
Scrolls
 x - a scroll of butterflies
 y - 2 scrolls of teleportation {@r4}
 I - 2 scrolls of fog
 J - a scroll of vulnerability {!r!r}
 O - a scroll of blinking {!r}
Potions
 h - 10 potions of curing {@q1}
 j - 2 potions of lignification {!q}
 l - 5 potions of might
 o - a potion of magic
 p - 2 potions of mutation {!q}
 s - a potion of degeneration {!q}
 t - 2 potions of brilliance
 u - a potion of heal wounds {@q2}
 z - 6 potions of enlightenment
 A - a potion of invisibility
 C - 2 potions of cancellation
 H - a potion of ambrosia
 P - a potion of berserk rage {!q}
Miscellaneous
 M - a condenser vane
   (You found it on level 10 of the Dungeon)

Dungeon Overview and Level Annotations

Branches:
Dungeon (11/15) Zot: 26873  Temple (1/1) D:6 Zot: 5985    Lair (0/5) D:8
    Orc (0/2) D:10

Altars:
Ashenzari
Cheibriados
Dithmenos
Elyvilon
Fedhas
Gozag
Hepliaklqana
Kikubaaqudgha
Makhleb
Nemelex Xobeh
Okawaru
Qazlal
Ru
Sif Muna
Trog
Uskayaw
Vehumet
Wu Jian
Xom
Yredelemnul
Zin
The Shining One

Shops:
D:10 =

Annotations:
D:4 1 runed translucent door, Crazy Yiuf
D:5 1 transporter, exclusions: scorpion and white imp, Blork the orc; Eustachio; fpsbossfight's ghost, novice DsFi
D:6 Edmund

######### #########
#........ ........#
#........ ........#
#........
.......^########........
........'.......@.......
........########.B......
........# #........
####'#### ###.##### #.#
... #.# #### #.# #.# #.#


You could see a boulder beetle.


Message History

A boulder beetle is nearby!
A boulder beetle is nearby!
A boulder beetle is nearby!
The boulder beetle curls into a ball and begins rolling!
There is an open door here.
The boulder beetle misses you.
The boulder beetle stops rolling and uncurls.
You hit the boulder beetle with your +2 falchion of freezing.
You freeze the boulder beetle.
You hit the boulder beetle with your +5 falchion.
The boulder beetle bites you.
You hit the boulder beetle with your +2 falchion of freezing.
You freeze the boulder beetle.
You hit the boulder beetle but do no damage.
The boulder beetle bites you! 😕 HP[-17]
You take 17 damage, and now have 62/79 hp.
MASSIVE DAMAGE!! (PAUSE) Unknown command.
You hit the boulder beetle with your +2 falchion of freezing.
You freeze the boulder beetle.
You hit the boulder beetle but do no damage.
You hit the boulder beetle but do no damage.
You slash the boulder beetle with your +5 falchion!
The boulder beetle misses you.
Unknown command.
You hit the boulder beetle but do no damage. x2
The boulder beetle bites you. 😮 HP[-4]
You take 4 damage, and now have 58/79 hp.
You hit the boulder beetle but do no damage. x2
Unknown command.
You hit the boulder beetle with your +2 falchion of freezing.
You freeze the boulder beetle.
You hit the boulder beetle but do no damage.
The boulder beetle closely misses you.
You hit the boulder beetle with your +5 falchion.
You hit the boulder beetle with your +2 falchion of freezing.
You freeze the boulder beetle. The boulder beetle misses you.
You hit the boulder beetle but do no damage. x2
You hit the boulder beetle but do no damage. x2
The boulder beetle leaps! 😮 HP[+1] Unknown command.
Unknown command.
The boulder beetle leaps! 😕 HP[+1] Unknown command.
The boulder beetle curls into a ball and begins rolling! 😕 HP[+1] Unknown command.
The boulder beetle hits you!
The boulder beetle stops rolling and uncurls. 😮 HP[-14]
You take 14 damage, and now have 47/79 hp.
You hit the boulder beetle with your +5 falchion.
You hit the boulder beetle with your +2 falchion of freezing.
You freeze the boulder beetle.
The boulder beetle bites you but does no damage.
You hit the boulder beetle but do no damage. x2
Unknown command.
You hit the boulder beetle but do no damage. x2
The boulder beetle bites you!
* * * LOW HITPOINT WARNING * * *
😨 HP[-10]
You take 10 damage, and now have 37/79 hp.
You slash the boulder beetle with your +2 falchion of freezing!
You freeze the boulder beetle.
You hit the boulder beetle but do no damage.
The boulder beetle bites you!
* * * LOW HITPOINT WARNING * * *
😨 HP[-14]
You take 14 damage, and now have 23/79 hp.
You hit the boulder beetle but do no damage.
You hit the boulder beetle with your +5 falchion.
You hit the boulder beetle but do no damage. x2
The boulder beetle bites you but does no damage.
You hit the boulder beetle but do no damage.
You hit the boulder beetle with your +2 falchion of freezing.
You freeze the boulder beetle.
You slash the boulder beetle with your +2 falchion of freezing!
You freeze the boulder beetle.
You hit the boulder beetle with your +5 falchion.
The boulder beetle bites you!
* * * LOW HITPOINT WARNING * * *
😱 HP[-16]
You take 16 damage, and now have 7/79 hp.
MASSIVE DAMAGE!! (PAUSE)
You hit the boulder beetle but do no damage. x2
The boulder beetle misses you.
You hit the boulder beetle but do no damage.
You hit the boulder beetle with your +2 falchion of freezing.
You freeze the boulder beetle.
You hit the boulder beetle with your +5 falchion.
You hit the boulder beetle but do no damage.
The boulder beetle barely misses you.
Unknown command.
You hit the boulder beetle but do no damage. x2
The boulder beetle bites you!
You die...

Skill      XL: |  1  2  3  4  5  6  7  8  9 10 11 |
---------------+----------------------------------+-----
Long Blades    | 4 6 7 9 10 12 13 | 13.0
Invocations    | 2 5 6 |  6.8
Armour         | 3 |  3.9
Dodging        | 4 5 |  5.0
Fighting       | 4 5 |  5.0
Throwing       | |  1.7

Action                     |  1- 3 |  4- 6 |  7- 9 | 10-12 || total
---------------------------+-------+-------+-------+-------++-------
  Melee: Long sword        |    80 |    62 |   315 |   119 ||   576
         Dagger            |    69 |    50 |   293 |   108 ||   520
         Falchion          |       |       |       |   276 ||   276
         Unarmed           |       |       |       |    15 ||    15
 Invoke: Heroism           |       |       |     3 |     7 ||    10
  Evoke: Wand              |       |       |    16 |       ||    16
    Use: Scroll            |     1 |    10 |    10 |     4 ||    25
         Potion            |       |       |     3 |     3 ||     6
   Stab: Sleeping          |     1 |     7 |     2 |     4 ||    14
         Distracted        |       |       |     1 |       ||     1
 Armour: Leather armour    |    44 |     5 |       |       ||    49
         Ring mail         |       |    22 |   181 |   155 ||   358
         Skin              |       |       |    81 |     3 ||    84
  Dodge: Dodged            |    46 |    30 |   160 |   173 ||   409

Levels and vault maps discovered:
D:1:      shiori_arrival_maze, layout_basic, ebering_ecumenical_altar_rust,
          serial_rivers, chequers_serial_rivers_micro_d,
          chequers_serial_rivers_room_b, chequers_serial_rivers_micro_a,
          chequers_serial_rivers_micro_a, chequers_serial_rivers_small_b,
          minmay_quantized
D:2:      layout_loops_ring
D:3:      layout_basic, dk_vineyard_3, uniq_robin
D:4:      layout_loops_corners, gammafunk_temple_overflow_pools,
          uniq_crazy_yiuf_cottage
D:5:      layout_rooms, gammafunk_ghost_mausoleum, chequers_decorated_corner,
          solitary_fountain, minmay_between, uniq_blork_the_orc, uniq_eustachio
D:6:      layout_basic, temple_fountains, uniq_menkaure, uniq_edmund
D:7:      kennysheep_steamy, layout_cave_pods,
          grunt_temple_overflow_order_and_chaos_2
D:8:      corexii_shack_village, layout_loops_ring,
          chequers_temple_overflow_statue_of_worship, led_sif_pool,
          lair_entry_dummy
D:9:      layout_long_grid
D:10:     layout_roguey, zombieorc1_lemuel, serial_shops, shop, uniq_nergalle
D:11:     layout_roguey [special_room_orc], nrook_mini_backslash
Temple:   nicolae_temple_no_exploring_needed

Notes
Turn   | Place    | Note
-------+----------+-------------------------------------------
     0 | D:1      | kae the Coglin Gladiator began the quest for the Orb.
     0 | D:1      | Reached XP level 1. HP: 16/16 MP: 1/1
     0 | D:1      | magus.rc [v1.11.3]
   122 | D:1      | Reached XP level 2. HP: 22/22 MP: 2/2
   298 | D:1      | Reached skill level 4 in Long Blades
   299 | D:1      | You pick up a book of Air and begin reading...
   299 | D:1      | You add the spells Shock, Swiftness and Airstrike to your
                  | library.
   328 | D:1      | Reached XP level 3. HP: 27/27 MP: 3/3
   635 | D:1      | Found a faded altar of an unknown god.
  1070 | D:2      | You pick up a book of Scorching and begin reading...
  1070 | D:2      | You add the spells Scorch, Flame Wave and Summon Cactus
                  | Giant to your library.
  1106 | D:2      | Identified the amulet "Zajyheas" {Will++ RegenMP+}
  1458 | D:2      | Reached XP level 4. HP: 33/33 MP: 4/4
  1792 | D:3      | Identified the +3 ring mail of Hepliaklqana's Regard
                  | {Dex+3}
  1901 | D:3      | Reached skill level 5 in Long Blades
  1907 | D:3      | Noticed Robin
  1910 | D:3      | Killed Robin
  2369 | D:4      | Noticed an ogre
  2375 | D:4      | Killed an ogre
  2376 | D:4      | Reached skill level 6 in Long Blades
  2376 | D:4      | Reached XP level 5. HP: 19/38 MP: 5/5
  2492 | D:4      | Found a shadowy altar of Dithmenos.
  2492 | D:4      | Noticed an ogre
  2493 | D:4      | Found a broken altar of Ashenzari.
  2501 | D:4      | Killed an ogre
  2502 | D:4      | Reached XP level 6. HP: 19/44 MP: 6/6
  2719 | D:4      | Noticed a wyvern
  2728 | D:4      | Killed a wyvern
  2729 | D:4      | Reached skill level 7 in Long Blades
  2849 | D:4      | Found a runed translucent door.
  2850 | D:4      | Noticed Crazy Yiuf
  2903 | D:4      | You pick up a book of Cantrips and begin reading...
  2903 | D:4      | You add the spells Sting, Necrotise, Summon Small Mammal
                  | and Apportation to your library.
  2982 | D:4      | Reached XP level 7. HP: 50/50 MP: 7/7
  3095 | D:4      | Reached skill level 8 in Long Blades
  3117 | D:4      | You pick up a book of Callings and begin reading...
  3117 | D:4      | You add the spells Call Canine Familiar and Summon
                  | Blazeheart Golem to your library.
  3559 | D:5      | Entered Level 5 of the Dungeon
  3567 | D:5      | Found a transporter.
  3735 | D:5      | Noticed Blork the orc
  3784 | D:5      | Noticed Eustachio
  3964 | D:5      | Reached skill level 9 in Long Blades
  4023 | D:5      | Reached XP level 8. HP: 35/56 MP: 8/8
  4103 | D:5      | Noticed fpsbossfight's ghost (novice DsFi)
  4480 | D:6      | Reached skill level 10 in Long Blades
  4505 | D:6      | Found a staircase to the Ecumenical Temple.
  4515 | Temple   | Entered the Ecumenical Temple
  4522 | Temple   | Became a worshipper of Warmaster Okawaru
  4584 | D:6      | Reached skill level 1 in Invocations
  4858 | D:6      | Noticed Menkaure
  4887 | D:6      | Killed Menkaure
  4888 | D:6      | Reached skill level 2 in Invocations
  4985 | D:6      | Noticed Edmund
  5676 | D:7      | Reached XP level 9. HP: 60/61 MP: 9/11
  5681 | D:7      | Reached * piety under Okawaru
  5719 | D:7      | HP: 15/61 [gnoll sergeant/+0 spear (5)]
  5722 | D:7      | Reached skill level 11 in Long Blades
  5722 | D:7      | Reached skill level 3 in Invocations
  6201 | D:7      | Found a glowing silver altar of Zin.
  6202 | D:7      | Found a burning altar of Makhleb.
  6203 | D:7      | Noticed an angel
  6264 | D:7      | Noticed a blizzard demon
  6437 | D:7      | Reached skill level 4 in Invocations
  6792 | D:8      | Found a staircase to the Lair.
  7034 | D:8      | Reached skill level 5 in Invocations
  7053 | D:8      | Identified the +2 leather armour of Cocytus {Dex+3}
  7214 | D:8      | Reached skill level 12 in Long Blades
  7229 | D:8      | Reached XP level 10. HP: 31/67 MP: 11/14
  7386 | D:8      | Found a shimmering blue altar of Sif Muna.
  7499 | D:8      | Reached skill level 1 in Armour
  7499 | D:8      | Reached skill level 3 in Dodging
  7584 | D:8      | Found a sparkling altar of Nemelex Xobeh.
  7597 | D:8      | Found a white marble altar of Elyvilon.
  7665 | D:8      | Identified the +8 whip "Dutrit" {venom, +Blink rF- Will++
                  | MP+9}
  8070 | D:9      | Reached ** piety under Okawaru
  8074 | D:9      | Reached skill level 3 in Fighting
  8083 | D:9      | HP: 16/70 [yak (5)]
  8088 | D:9      | Reached skill level 2 in Armour
  8088 | D:9      | Reached skill level 6 in Invocations
  8343 | D:9      | Noticed a two-headed ogre
  8351 | D:9      | Killed a two-headed ogre
  8903 | D:9      | Reached skill level 4 in Dodging
  9119 | D:10     | Entered Level 10 of the Dungeon
  9191 | D:10     | Reached skill level 4 in Fighting
  9191 | D:10     | Found a staircase to the Orcish Mines.
  9213 | D:10     | Reached skill level 3 in Armour
  9256 | D:10     | HP: 12/73 [troll zombie (9)]
  9262 | D:10     | Reached *** piety under Okawaru
  9265 | D:10     | HP: 2/73 [ogre zombie (10)]
  9573 | D:10     | You pick up a book of Spectacle and begin reading...
  9573 | D:10     | You add the spells Volatile Blastmotes, Dazzling Flash,
                  | Starburst and Maxwell's Capacitive Coupling to your
                  | library.
  9644 | D:10     | Reached XP level 11. HP: 63/78 MP: 15/15
  9787 | D:10     | Found Uffituob's Jewellery Emporium.
 10194 | D:10     | Noticed Nergalle
 10206 | D:10     | Killed Nergalle
 10207 | D:10     | Reached skill level 13 in Long Blades
 10346 | D:11     | Noticed a green ugly thing
 10358 | D:11     | Killed a green ugly thing
 10359 | D:11     | Reached skill level 5 in Fighting
 10359 | D:11     | Reached skill level 5 in Dodging
 10429 | D:11     | Noticed a boulder beetle
 10456 | D:11     | HP: 7/79 [boulder beetle (17)]
 10460 | D:11     | Slain by a boulder beetle

Vanquished Creatures
  A two-headed ogre (D:9)
  Nergalle (D:10)
  An ugly thing (D:11)
  A troll (D:10)
  A shadow (D:10)
  A wraith (D:10)
  8 yaks
  2 wyverns
  3 steam dragons (D:7)
  Menkaure (D:6)
  A water moccasin (D:7)
  3 orc warriors
  A black bear (D:5)
  3 sky beasts
  4 ogres
  5 centaurs
  4 phantoms
  3 bullfrogs
  3 kobold brigands
  3 gnoll sergeants
  3 scorpions (D:5)
  10 wights (D:8)
  3 troll zombies (D:10)
  A bombardier beetle (D:4)
  2 hounds
  A jelly (D:5)
  2 orc priests
  2 sleepcaps (D:6)
  3 iguanas
  7 orc wizards
  3 ogre zombies (D:10)
  Robin (D:3)
  14 gnolls
  4 adders
  2 shadow imps
  A white imp (D:6)
  2 ufetubi (D:5)
  2 ribbon worms
  A dart slug (D:4)
  18 orcs
  10 ball pythons
  13 endoplasms
  4 gnoll zombies (D:10)
  14 goblins
  11 hobgoblins
  8 jackals
  21 kobolds
  6 quokkas
  4 bats
  3 frilled lizards
  3 gnoll skeletons (D:10)
  12 orc zombies (D:10)
  9 rats
250 creatures vanquished.

Table legend:
 A = Non-vault XP
 B = Vault XP
 C = Vault XP percentage of total XP
 D = Non-vault monster count
 E = Vault monster count
 F = Vault count percentage of total count
                 A         B        C        D         E       F
            +---------+---------+-------+---------+---------+-------
      Total |    9464 |    2031 |  17.7 |     194 |      56 |  22.4
            +---------+---------+-------+---------+---------+-------
        D:1 |      54 |       6 |  10.0 |      31 |       3 |   8.8
        D:2 |      26 |       0 |   0.0 |      14 |       0 |   0.0
        D:3 |      20 |      29 |  59.2 |      11 |       8 |  42.1
        D:4 |     584 |       0 |   0.0 |      25 |       0 |   0.0
        D:5 |     664 |       0 |   0.0 |      14 |       0 |   0.0
        D:6 |     626 |     172 |  21.6 |      11 |       1 |   8.3
        D:7 |     837 |     380 |  31.2 |      18 |       2 |  10.0
        D:8 |    1711 |      28 |   1.6 |      32 |      13 |  28.9
        D:9 |    2695 |       0 |   0.0 |      24 |       0 |   0.0
       D:10 |    1730 |    1416 |  45.0 |      13 |      29 |  69.0
       D:11 |     517 |       0 |   0.0 |       1 |       0 |   0.0
            +---------+---------+-------+---------+---------+-------

Skill      XL: |  1  2  3  4  5  6  7  8  9 10 11 |
---------------+----------------------------------+-----
Long Blades    | 4 6 7 9 10 12 13 | 13.0
Invocations    | 2 5 6 |  6.8
Armour         | 3 |  3.9
Dodging        | 4 5 |  5.0
Fighting       | 4 5 |  5.0
Throwing       | |  1.7

Action                     |  1- 3 |  4- 6 |  7- 9 | 10-12 || total
---------------------------+-------+-------+-------+-------++-------
  Melee: Long sword        |    80 |    62 |   315 |   119 ||   576
         Dagger            |    69 |    50 |   293 |   108 ||   520
         Falchion          |       |       |       |   276 ||   276
         Unarmed           |       |       |       |    15 ||    15
 Invoke: Heroism           |       |       |     3 |     7 ||    10
  Evoke: Wand              |       |       |    16 |       ||    16
    Use: Scroll            |     1 |    10 |    10 |     4 ||    25
         Potion            |       |       |     3 |     3 ||     6
   Stab: Sleeping          |     1 |     7 |     2 |     4 ||    14
         Distracted        |       |       |     1 |       ||     1
 Armour: Leather armour    |    44 |     5 |       |       ||    49
         Ring mail         |       |    22 |   181 |   155 ||   358
         Skin              |       |       |    81 |     3 ||    84
  Dodge: Dodged            |    46 |    30 |   160 |   173 ||   409

Illustrated notes

Table legend:
 A = Kills in this place as a percentage of kills in the entire game.
 B = Kills by you in this place as a percentage of kills by you in the entire game.
 C = Kills by friends in this place as a percentage of kills by friends in the entire game.
 D = Other kills in this place as a percentage of other kills in the entire game.
 E = Experience gained in this place as a percentage of experience gained in the entire game.
 F = Experience gained in this place divided by the number of levels of this place that you have seen.
                   A       B       C       D       E      F
               +-------+-------+-------+-------+-------+----------------------
         Total | 100.0 | 100.0 |   N/A |   N/A | 100.0 | 957.9
       Dungeon | 100.0 | 100.0 |   N/A |   N/A | 100.0 | 1045.0
               +-------+-------+-------+-------+-------+----------------------

Table legend: (Time is in decaauts)
 A = Elapsed time spent in this place.
 B = Non-inter-level travel time spent in this place.
 C = Inter-level travel time spent in this place.
 D = Time resting spent in this place.
 E = Time spent auto-exploring this place.
 F = Levels seen in this place.
 G = Mean time per level.
                   A        B        C        D        E       F      G
               +--------+--------+--------+--------+--------+-----+--------+
         Total |  10299 |   9817 |    482 |    768 |   7454 |  12 |  858.2 |
       Dungeon |  10284 |   9816 |    468 |    768 |   7454 |  11 |  934.9 |
        Temple |     14 |      1 |     13 |      0 |      0 |   1 |   14.0 |
               +--------+--------+--------+--------+--------+-----+--------+

Top non-repeatable levels by time:
     D:8: 1367 daAuts
     D:4: 1316 daAuts
     D:7: 1167 daAuts
    D:10: 1167 daAuts
     D:6: 1056 daAuts
     D:9: 1039 daAuts
     D:1: 984 daAuts
     D:5: 761 daAuts
     D:2: 686 daAuts
     D:3: 611 daAuts
    D:11: 126 daAuts
  Temple: 14 daAuts
